 Dungeon Crawl Stone Soup version 0.28-a0-751-gef3a642a4e (webtiles) character file.

Game seed: 5075384060879721115

22619 Johnny the Fencer (level 13, -1/101 HPs)
             Began as a Human Berserker on Oct 30, 2021.
             Was an Elder of Trog.
             Slain by a hellwing (10 damage)
             ... summoned by an orc sorcerer
             ... while paralysed by an orc sorcerer
             ... on level 2 of the Orcish Mines.
             The game lasted 00:17:57 (16551 turns).

Johnny the Fencer (Human Berserker)                Turns: 16551, Time: 00:17:58

Health: -1/101     AC:  8    Str: 21    XL:     13   Next: 28%
Magic:  13/13      EV:  2    Int:  8    God:    Trog [****..]
Gold:   1146       SH:  0    Dex: 14    Spells: 12/12 levels left

rFire   . . .      SeeInvis .   v - +0 long sword (elec)
rCold   . . .      Faith    .   (no shield)
rNeg    . . .      Spirit   .   k - +1 troll leather armour
rPois   .          Reflect  .   D - +0 helmet
rElec   .          Harm     .   (no cloak)
rCorr   .          Rampage  .   y - +0 pair of gloves
Will    .....                   (no boots)
Stlth   +.........              (no amulet)
HPRegen 1.26/turn               (no ring)
MPRegen 0.13/turn               (no ring)

@: paralysed, spiked, on berserk cooldown, slowed
A: no striking features
a: Renounce Religion, Berserk, Trog's Hand, Brothers in Arms


You were on level 2 of the Orcish Mines.
You worshipped Trog.
Trog was greatly pleased with you.
You visited 2 branches of the dungeon, and saw 13 of its levels.

You collected 1374 gold pieces.
You spent 228 gold pieces at shops.

Inventory:

Hand Weapons
 a - a +0 falchion
 p - a +0 great sword
 s - a +0 long sword
 v - a +0 long sword of electrocution (weapon)
 E - a +4 vorpal scimitar
Armour
 k - a +1 troll leather armour (worn)
 m - a +1 ring mail of fire resistance
 x - +0 pearl dragon scales
 y - a +0 pair of gloves (worn)
 D - a +0 helmet (worn)
Wands
 b - a wand of flame (6)
 i - a wand of polymorph (5)
 t - a wand of iceblast (6)
Scrolls
 c - 3 scrolls of noise
 h - a scroll of fog
 l - 4 scrolls of amnesia
 o - a scroll of holy word
 q - a scroll of teleportation
 w - 3 scrolls of magic mapping
 B - a scroll of silence
Potions
 d - 2 potions of cancellation
 e - 5 potions of curing
 f - a potion of resistance
 g - a potion of attraction
 j - 2 potions of flight
 n - a potion of ambrosia
 r - 3 potions of invisibility
 u - 2 potions of brilliance
 z - a potion of magic
 A - 2 potions of lignification
 C - 2 potions of mutation


   Skills:
 + Level 9.2 Fighting
 * Level 17.0 Long Blades
 + Level 7.3 Armour
 + Level 7.3 Dodging


You had 12 spell levels left.
You didn't know any spells.
Your spell library was empty.

Dungeon Overview and Level Annotations

Branches:
Dungeon (11/15)            Temple (0/1) D:7            Lair (0/6) D:8
    Orc (2/2) D:11
    Elf: Orc:2

Altars:
Makhleb
Ru
Zin
Beogh

Shops:
D:7 [   Orc:2 *((*


Message History

The hellwing barely misses you. The hellwing misses you.
You closely miss the orc sorcerer.
The orc sorcerer is almost dead.
The orc hits you but does no damage.
You closely miss the orc sorcerer.
The orc sorcerer is almost dead.
The orc sorcerer gestures at you while chanting.
The bolt of fire misses you. The red devil barely misses you.
The hellwing hits you.
* * * LOW HITPOINT WARNING * * *
The hellwing hits you.
* * * LOW HITPOINT WARNING * * *
You closely miss the orc sorcerer.
The orc sorcerer is almost dead.
You are no longer berserk.
You are exhausted.
You feel yourself slow down. The orc misses you.
Unknown command.
You barely miss the orc sorcerer.
The orc sorcerer is almost dead.
The orc sorcerer misses you. The hellwing hits you.
* * * LOW HITPOINT WARNING * * *
The hellwing misses you. The red devil barely misses you.
The orc hits you with a +0 mace.
* * * LOW HITPOINT WARNING * * *
You barely miss the orc sorcerer.
The orc sorcerer is almost dead.
The orc sorcerer casts a spell at you.
You suddenly lose the ability to move!
The hellwing hits you but does no damage.
The hellwing hits you.
* * * LOW HITPOINT WARNING * * *
The red devil hits you from afar with a +0 trident!
* * * LOW HITPOINT WARNING * * *
Barbed spikes become lodged in your body.
The orc hits you with a +0 mace.
* * * LOW HITPOINT WARNING * * *
The orc sorcerer mumbles some strange words.
The hellwing hits you!
You die...

..........≈≈# ≈≈..
#..##..##...###...##..##
......)).)..............
.......)))..............
........................
...........)............
...............4........
...............4.o......
...)............@)4.....
.................o......
........................
........................
........................
#.....................#.
#######################


You could see 2 hellwings, an orc sorcerer, a red devil (summoned) and an orc.

Vanquished Creatures
  A centaur warrior (D:10)
  5 two-headed ogres
  A skeletal warrior (D:6)
  2 orc knights (Orc:2)
  A necromancer (D:9)
  2 cyclopes (D:6)
  2 manticores
  Joseph (D:7)
  A gargoyle (D:11)
  A kobold demonologist (D:6)
  A komodo dragon (D:11)
  2 trolls
  Grinder (D:4)
  Prince Ribbit (D:8)
  Sigmund (D:2)
  2 wyverns
  30 yaks
  An acid dragon (D:11)
  A warg (Orc:1)
  2 water moccasins (D:7)
  26 orc warriors
  A hornet zombie (D:6)
  2 black bears
  A necrophage (D:5)
  An ice beast (D:8)
  2 sky beasts
  14 centaurs
  A boggart (Orc:2)
  8 ogres
  2 phantoms (D:6)
  A gnoll sergeant (D:9)
  5 bullfrogs
  A wyvern zombie (D:5)
  2 scorpions
  A water moccasin zombie (D:3)
  A wyvern skeleton (D:7)
  3 water moccasin skeletons
  4 killer bees (D:8)
  2 howler monkeys (D:10)
  A bullfrog zombie (D:6)
  2 centaur zombies
  5 hounds
  A jelly (D:7)
  A bullfrog skeleton (D:4)
  12 orc priests
  Jessica (D:2)
  3 iguanas
  Natasha (thrice) (D:2)
  16 orc wizards
  A polar bear simulacrum (D:9)
  5 yak simulacra (D:9)
  2 wolf simulacra (D:9)
  3 hound skeletons (D:3)
  3 howler monkey zombies
  4 gnolls (D:9)
  2 howler monkey skeletons
  9 adders
  2 white imps (D:6)
  3 adder skeletons
  2 adder zombies (D:3)
  A dart slug (D:2)
  62 orcs
  7 endoplasms
  4 giant cockroaches
  5 goblins
  6 hobgoblins
  4 jackals (D:1)
  4 kobolds
  4 quokkas
  3 ball pythons
  4 bats
  6 frilled lizards
  3 giant cockroach zombies (D:3)
  A quokka skeleton (D:3)
  2 rats
  3 river rat simulacra (D:9)
337 creatures vanquished.

Vanquished Creatures (collateral kills)
  An orc knight (Orc:1)
  An orc warrior (Orc:1)
  2 orc priests (Orc:1)
  An orc (Orc:1)
5 creatures vanquished.

Vanquished Creatures (others)
  An orc warrior (Orc:2)
  A centaur (Orc:2)
  6 fungi (D:8)
  4 plants
  2 withered plants (D:3)
14 creatures vanquished.

Grand Total: 356 creatures vanquished

Notes
Turn   | Place    | Note
-------+----------+-------------------------------------------
     0 | D:1      | Johnny the Human Berserker began the quest for the Orb.
     0 | D:1      | Reached XP level 1. HP: 18/18 MP: 1/1
   366 | D:1      | Reached XP level 2. HP: 21/24 MP: 2/2
   796 | D:1      | Reached XP level 3. HP: 19/29 MP: 3/3
  1006 | D:1      | Found a faded altar of an unknown god.
  1241 | D:2      | Noticed Sigmund
  1247 | D:2      | Killed Sigmund
  1248 | D:2      | Reached skill level 5 in Long Blades
  1248 | D:2      | Reached XP level 4. HP: 37/37 MP: 4/4
  1248 | D:2      | Reached XP level 5. HP: 42/42 MP: 5/5
  1248 | D:2      | Reached XP level 6. HP: 48/48 MP: 6/6
  1365 | D:2      | Noticed Jessica
  1368 | D:2      | Killed Jessica
  1368 | D:2      | Reached ** piety under Trog
  1382 | D:2      | Noticed Natasha
  1396 | D:2      | Killed Natasha
  1702 | D:2      | Noticed Natasha
  1706 | D:2      | Killed Natasha
  1823 | D:2      | Noticed Natasha
  1832 | D:2      | Killed Natasha
  1833 | D:2      | Reached skill level 6 in Long Blades
  2736 | D:3      | Reached XP level 7. HP: 29/55 MP: 7/7
  3425 | D:3      | Reached skill level 5 in Fighting
  3548 | D:3      | Reached *** piety under Trog
  3999 | D:4      | Reached skill level 7 in Long Blades
  4484 | D:4      | Noticed Grinder
  4492 | D:4      | Killed Grinder
  4493 | D:4      | Reached XP level 8. HP: 64/64 MP: 8/8
  4806 | D:5      | Entered Level 5 of the Dungeon
  4953 | D:5      | Reached skill level 8 in Long Blades
  5175 | D:5      | Reached skill level 9 in Long Blades
  5474 | D:5      | Found a glowing silver altar of Zin.
  5492 | D:5      | Reached XP level 9. HP: 58/69 MP: 9/9
  5792 | D:5      | Reached skill level 10 in Long Blades
  6029 | D:6      | Noticed a cyclops
  6029 | D:6      | Noticed a cyclops
  6487 | D:6      | Noticed a kobold demonologist
  6612 | D:6      | Noticed an orange demon
  6613 | D:6      | Noticed a hellwing
  6620 | D:6      | Killed a kobold demonologist
  6621 | D:6      | Reached skill level 11 in Long Blades
  6894 | D:6      | Noticed a skeletal warrior
  7283 | D:6      | Killed a cyclops
  7284 | D:6      | Reached skill level 12 in Long Blades
  7416 | D:6      | Reached XP level 10. HP: 55/76 MP: 10/10
  7511 | D:7      | Noticed Joseph
  7524 | D:7      | Killed Joseph
  7770 | D:7      | Found Xuingist's Armour Boutique.
  7855 | D:7      | Reached skill level 13 in Long Blades
  8239 | D:7      | Found a staircase to the Ecumenical Temple.
  9608 | D:8      | Reached skill level 14 in Long Blades
  9889 | D:8      | Noticed Prince Ribbit
  9907 | D:8      | Killed Prince Ribbit
 10252 | D:8      | Found a staircase to the Lair.
 10539 | D:9      | Reached XP level 11. HP: 44/81 MP: 11/11
 10777 | D:9      | Noticed a manticore
 10785 | D:9      | Killed a manticore
 11392 | D:9      | Noticed a necromancer
 11399 | D:9      | Killed a necromancer
 11400 | D:9      | Reached skill level 15 in Long Blades
 11450 | D:10     | Entered Level 10 of the Dungeon
 12297 | D:10     | Noticed a two-headed ogre
 12320 | D:10     | Killed a two-headed ogre
 12427 | D:10     | Noticed a centaur warrior
 12444 | D:10     | Killed a centaur warrior
 12634 | D:10     | Reached skill level 5 in Armour
 12634 | D:10     | Reached skill level 5 in Dodging
 12886 | D:11     | Reached XP level 12. HP: 47/91 MP: 12/12
 13022 | D:11     | Noticed a two-headed ogre
 13097 | D:10     | Killed a two-headed ogre
 13317 | D:11     | Found a staircase to the Orcish Mines.
 13581 | D:11     | Reached skill level 16 in Long Blades
 13626 | D:11     | Noticed a two-headed ogre
 13638 | D:11     | Killed a two-headed ogre
 13681 | D:11     | Noticed a two-headed ogre
 13699 | D:11     | Killed a two-headed ogre
 13845 | D:11     | Noticed a four-headed hydra
 14176 | D:6      | Killed a skeletal warrior
 14320 | D:6      | Found a burning altar of Makhleb.
 14378 | D:6      | Found a sacrificial altar of Ru.
 14812 | Orc:1    | Entered Level 1 of the Orcish Mines
 14817 | Orc:1    | Noticed a two-headed ogre
 14834 | Orc:1    | Killed a two-headed ogre
 14971 | Orc:2    | Entered Level 2 of the Orcish Mines
 14980 | Orc:2    | Reached **** piety under Trog
 15512 | Orc:1    | Reached XP level 13. HP: 98/99 MP: 13/13
 16120 | Orc:2    | Found Cufoag's Weapon Boutique.
 16120 | Orc:2    | Found Gumpocre's Weapon Emporium.
 16122 | Orc:2    | Found Wadanuq's General Store.
 16124 | Orc:2    | Found Vulaj's General Store.
 16135 | Orc:2    | Bought a scroll of teleportation for 39 gold pieces
 16135 | Orc:2    | Bought a scroll of teleportation for 39 gold pieces
 16140 | Orc:2    | Bought a scroll of identify for 24 gold pieces
 16140 | Orc:2    | Bought a scroll of identify for 24 gold pieces
 16140 | Orc:2    | Bought a potion of flight for 36 gold pieces
 16140 | Orc:2    | Bought a scroll of magic mapping for 42 gold pieces
 16140 | Orc:2    | Bought a scroll of identify for 24 gold pieces
 16527 | Orc:2    | Reached skill level 17 in Long Blades
 16550 | Orc:2    | Paralysed by an orc sorcerer for 5 turns
 16551 | Orc:2    | Slain by a hellwing

Illustrated notes

Levels and vault maps discovered:
D:1:      dpeg_arrival_radiant, layout_loops_ring,
          hellmonk_ecumenical_altar_crossroads, minmay_hedge_maze
D:2:      layout_basic, serial_bayou_pond_d, chequers_serial_rivers_small_b,
          uniq_sigmund, uniq_natasha, uniq_jessica
D:3:      layout_basic, serial_undead, serial_undead_e, serial_undead_d,
          serial_undead_a, serial_undead_d, serial_undead_e, serial_undead_a
D:4:      layout_loops_ring, eino_curves_01, kennysheep_generic_room_12,
          uniq_grinder
D:5:      layout_basic, mainiacjoe_overflow_small_starburst,
          kennysheep_another_room
D:6:      cheibrodos_fzero, layout_basic, hangedman_feature_mirror
D:7:      layout_loops_cross, temple_green, serial_shops, shop,
          kennysheep_cluttered_room, uniq_joseph
D:8:      layout_gridville, grunt_lair_entry_orc_guard_hut, uniq_prince_ribbit1
D:9:      layout_basic, eino_house_with_fridge
D:10:     layout_big_octagon, chequers_serial_rivers_micro_e
D:11:     minmay_skewed_foursquare, layout_loops_ring, orc_0_dummy, uniq_harold
Orc:1:    layout_diamond_mine, minmay_orc_temple_a
Orc:2:    st_orc_rangers, layout_diamond_mine, nicolae_shop_overcharged_wands

Skill      XL: |  1  2  3  4  5  6  7  8  9 10 11 12 13 |
---------------+----------------------------------------+-----
Fighting       | 4 5 6 7 8 9 |  9.2
Long Blades    | 5 6 7 9 12 14 15 16 17 | 17.0
Armour         | 5 6 7 |  7.3
Dodging        | 5 6 7 |  7.3

Action                   |  1- 3 |  4- 6 |  7- 9 | 10-12 | 13-15 || total
-------------------------+-------+-------+-------+-------+-------++-------
Melee: Falchion          |    74 |   105 |   128 |       |       ||   307
       Long sword        |       |       |   209 |   675 |   193 ||  1077
       Scimitar          |       |       |       |    34 |       ||    34
Invok: Berserk           |     3 |     1 |    13 |    32 |    10 ||    59
       Trog's Hand       |       |       |     6 |    21 |    10 ||    37
       Brothers in Arms  |       |       |       |     1 |       ||     1
Evoke: Wand              |       |    13 |       |    27 |     1 ||    41
  Use: Scroll            |       |       |       |    20 |     5 ||    25
       Potion            |       |       |       |     6 |     2 ||     8
 Stab: Invisible         |       |       |       |       |     1 ||     1
Armor: Ring mail         |    42 |    31 |   109 |       |       ||   182
       Animal skin       |     1 |       |       |       |       ||     1
       Pearl dragon scal |       |       |     1 |   139 |       ||   140
       Troll leather arm |       |       |       |    97 |    74 ||   171
Dodge: Dodged            |    52 |    45 |   172 |   395 |   228 ||   892

Table legend: (Time is in decaauts)
 A = Elapsed time spent in this place.
 B = Non-inter-level travel time spent in this place.
 C = Inter-level travel time spent in this place.
 D = Time resting spent in this place.
 E = Time spent auto-exploring this place.
 F = Levels seen in this place.
 G = Mean time per level.
                   A        B        C        D        E       F      G
               +--------+--------+--------+--------+--------+-----+--------+
         Total |  16802 |  16166 |    636 |   4673 |   8518 |  13 | 1292.5 |
       Dungeon |  15051 |  14481 |    570 |   4105 |   7976 |  11 | 1368.3 |
  Orcish Mines |   1751 |   1685 |     66 |    568 |    542 |   2 |  875.5 |
               +--------+--------+--------+--------+--------+-----+--------+

Top non-repeatable levels by time:
     D:6: 1872 daAuts
     D:7: 1619 daAuts
     D:9: 1565 daAuts
     D:5: 1483 daAuts
     D:8: 1457 daAuts
     D:3: 1291 daAuts
     D:1: 1260 daAuts
     D:2: 1232 daAuts
    D:10: 1167 daAuts
     D:4: 1093 daAuts
   Orc:2: 1025 daAuts
    D:11: 1007 daAuts
   Orc:1: 725 daAuts
